 Dungeon Crawl Stone Soup version 0.18-a0-1745-gffa9a88 (webtiles) character file.

2905 tsujin the Fanfare of Bloodshed (level 9, -3/69 HPs)
             Began as a Demonspawn Gladiator on Apr 11, 2016.
             Was a Believer of Makhleb.
             Slain by a wyvern (13 damage)
             ... on level 9 of the Dungeon.
             The game lasted 00:17:48 (8001 turns).

tsujin the Fanfare of Bloodshed (DsGl)              Turns: 8001, Time: 00:17:49

Health: -3/69      AC: 13    Str: 18    XL:     9   Next: 49%
Magic:  0/22       EV:  8    Int: 10    God:    Makhleb [**....]
Gold:   441        SH:  0    Dex: 14    Spells: 0 memorised, 8 levels left

rFire  . . .     SeeInvis .     c - -2 scythe (curse)
rCold  . . .     Gourm    .     C - +0 plate armour
rNeg   . . .     Faith    .     (shield currently unavailable)
rPois  .         Spirit   +     (helmet restricted)
rElec  .         Dismiss  .     (no cloak)
rCorr  .         Reflect  .     (no gloves)
SustAt .         Harm     .     (no boots)
MR     .....                    (no amulet)
Stlth  ..........               D - +1 ring of protection
                                h - ring of magical power

@: very slightly contaminated, not resistant to hostile enchantments, extremely
unstealthy
A: claws 1, horns 1, talons 1, magic shield
a: Minor Destruction, Renounce Religion


You were on level 9 of the Dungeon.
You worshipped Makhleb.
Makhleb was pleased with you.
You were not hungry.

You visited 2 branches of the dungeon, and saw 10 of its levels.

You collected 441 gold pieces.

Inventory:

Hand Weapons
 c - a cursed -2 scythe (weapon)
 m - a +4 trident of flaming
Missiles
 d - 3 throwing nets
 q - 7 javelins (quivered)
Armour
 C - a +0 plate armour (worn)
Jewellery
 h - a ring of magical power (left claw)
 k - a +3 ring of intelligence {unknown}
 n - an uncursed ring of sustain attributes
 D - a +1 ring of protection (right claw)
Wands
 b - a wand of flame (30/48)
 e - a wand of confusion (25/48)
 r - a wand of flame (0/48)
Scrolls
 a - 2 scrolls of magic mapping
 s - 2 scrolls of recharging
 t - 2 scrolls of teleportation
Potions
 v - a potion of mutation {unknown}
 w - 2 potions of lignification
 z - a potion of haste {unknown}
 A - a potion of might {unknown}
 B - a potion of brilliance {unknown}
Comestibles
 f - 4 bread rations


   Skills:
 + Level 6.0 Fighting
   Level 3.3(4.7) Axes
 + Level 5.3(5.7) Polearms
 + Level 2.0 Throwing
 + Level 5.7 Armour
 + Level 5.7 Dodging
 * Level 6.5 Invocations
 + Level 0.4 Evocations


You had 8 spell levels left.
You didn't know any spells.

Dungeon Overview and Level Annotations

Branches:
Dungeon (9/15)             Temple (1/1) D:4
   Lair: D:8-11         Orc: D:9-12

Altars:
Ashenzari
Cheibriados
Dithmenos
Elyvilon
Fedhas
Gozag
Kikubaaqudgha
Makhleb
Nemelex Xobeh
Okawaru
Pakellas
Qazlal
Ru
Sif Muna
Trog
Vehumet
Xom
Yredelemnul
Zin
The Shining One

Annotations:
D:6 exclusion: oklob plant, Prince Ribbit
D:8 AtomicRavioli's ghost, novice NaGl


Innate Abilities, Weirdness & Mutations

You have sharp fingernails.
You have a pair of small horns on your head.
You have sharp toenails.
When hurt, damage is shared between your health and your magic reserves.


Message History

The kobold throws a stone.
The stone hits you but does no damage.
You see here a stone.
The wyvern bites you but does no damage.
The kobold throws a stone.
The stone hits you but does no damage. The wyvern bites you!
* * * LOW HITPOINT WARNING * * *
There is a stone staircase leading down, spattered with blood here.
You see here a stone.
You take 6 damage, and have 11/69 hp.
You now have 4/22 mp.
The wyvern bites you!
* * * LOW HITPOINT WARNING * * *
You climb downwards.
You hear the roar of battle.
There is an entrance to a bailey on this level.
Hurry and find it before the portal closes forever!
Found 17 gold pieces.
There is a stone staircase leading up here.
You take 8 damage, and have 3/69 hp.
You now have 1/22 mp.
Drink which item? (? for menu, Esc to quit)
You feel better. The wyvern bites you!
You die...

..........
..........
#.........
#.........
#.........
#.........
##.l.......
#..@....#
#....$..#
#.......#
+.......#
#.......#
#.......#
#........
#.........


You could see a wyvern.

Vanquished Creatures
  Pikel (D:7)
  Grinder (D:6)
  Sigmund (D:6)
  Eustachio (D:5)
  A hungry ghost (D:7)
  Duvessa (D:4)
  2 orc warriors
  A slave (D:7)
  3 phantoms
  A black bear (D:7)
  A necrophage (D:5)
  An ogre (D:6)
  2 centaurs
  A giant frog (D:7)
  A wyvern zombie (D:6)
  Dowan (D:4)
  A water moccasin skeleton (D:4)
  A crimson imp (D:5)
  A centaur zombie (D:6)
  2 orc priests
  Crazy Yiuf (D:7)
  Ijyb (D:3)
  3 orc wizards
  2 iguanas
  A worker ant (D:4)
  A hound skeleton (D:5)
  6 adders
  A shadow imp (D:7)
  5 oozes
  An adder zombie (D:6)
  A worm (D:2)
  2 dart slugs (D:2)
  3 giant geckos
  22 orcs
  8 giant cockroaches
  10 goblins
  7 hobgoblins
  3 jackals (D:1)
  7 kobolds
  3 quokkas
  13 bats
  2 giant gecko skeletons
  6 giant newts
  6 rats
140 creatures vanquished.

Vanquished Creatures (others)
  The ghost of gressup the Conjurer, a novice DECj (D:5)
  An orc (D:4)
  A fulminant prism (D:5)
  A fungus (D:7)
4 creatures vanquished.

Grand Total: 144 creatures vanquished

Notes
Turn   | Place    | Note
--------------------------------------------------------------
     0 | D:1      | tsujin the Demonspawn Gladiator began the quest for the Orb.
     0 | D:1      | Reached XP level 1. HP: 16/16 MP: 1/1
   497 | D:1      | Gained mutation: You have sharp toenails. [demonic ancestry]
   497 | D:1      | Reached XP level 2. HP: 4/22 MP: 2/2
  1678 | D:2      | Reached XP level 3. HP: 26/27 MP: 3/3
  2178 | D:2      | Reached skill level 1 in Armour
  2205 | D:2      | Gained mutation: You have sharp fingernails. [demonic ancestry]
  2205 | D:2      | Reached XP level 4. HP: 13/33 MP: 4/4
  3253 | D:3      | Noticed Ijyb
  3263 | D:3      | Killed Ijyb
  3263 | D:3      | Reached skill level 1 in Polearms
  3263 | D:3      | Gained mutation: You have a pair of small horns on your head. [demonic ancestry]
  3263 | D:3      | Reached XP level 5. HP: 33/39 MP: 5/5
  3474 | D:4      | Found a staircase to the Ecumenical Temple.
  3507 | Temple   | Entered the Ecumenical Temple
  3569 | Temple   | Became a worshipper of Makhleb the Destroyer
  3795 | D:4      | Noticed a phantom
  3833 | D:4      | Killed a phantom
  3833 | D:4      | Gained mutation: When hurt, damage is shared between your health and your magic reserves. [demonic ancestry]
  3833 | D:4      | Reached XP level 6. HP: 27/47 MP: 6/6
  4015 | D:4      | Found a deep blue altar of Sif Muna.
  4248 | D:4      | Noticed Dowan
  4250 | D:4      | Noticed Duvessa
  4263 | D:4      | Killed Duvessa
  4266 | D:4      | Killed Dowan
  4421 | D:5      | Entered Level 5 of the Dungeon
  4462 | D:5      | Reached skill level 1 in Invocations
  4462 | D:5      | Reached XP level 7. HP: 40/52 MP: 7/7
  4615 | D:5      | Noticed Eustachio
  4701 | D:5      | Killed Eustachio
  4829 | D:5      | Reached * piety under Makhleb
  5030 | D:5      | Reached skill level 5 in Dodging
  5030 | D:5      | Reached XP level 8. HP: 37/59 MP: 10/10
  5253 | D:5      | Noticed gressup's ghost (novice DECj)
  5258 | D:5      | Killed gressup's ghost
  6029 | D:6      | Found a shadowy altar of Dithmenos.
  6192 | D:6      | Reached skill level 5 in Fighting
  6228 | D:6      | Noticed Grinder
  6240 | D:6      | Killed Grinder
  6240 | D:6      | Reached skill level 5 in Invocations
  6277 | D:6      | Noticed Prince Ribbit
  6326 | D:6      | Found a blossoming altar of Fedhas.
  6632 | D:6      | Noticed Sigmund
  6647 | D:6      | Killed Sigmund
  6647 | D:6      | Reached XP level 9. HP: 58/68 MP: 13/13
  6854 | D:6      | Noticed an oklob plant
  6945 | D:7      | Reached skill level 5 in Armour
  6972 | D:7      | Noticed Crazy Yiuf
  6979 | D:7      | Killed Crazy Yiuf
  7010 | D:7      | Reached ** piety under Makhleb
  7010 | D:7      | Reached skill level 5 in Polearms
  7336 | D:7      | Noticed Pikel
  7352 | D:7      | Killed Pikel
  7948 | D:8      | Noticed AtomicRavioli's ghost (novice NaGl)
  7999 | D:8      | HP: 3/69 [wyvern (8)]
  8001 | D:9      | Slain by a wyvern

Vault maps used:
D:1:      dpeg_arrival_arbitrary_c, minmay_stone_trees_medium
D:3:      hangedman_feature_mirror, uniq_iyjb
D:4:      marbit_many_paths, minmay_temple_entry_grid, uniq_duvessa
D:5:      first_bread, uniq_eustachio
D:6:      tgw_fedhas, st_stairs_14, nicolae_dithmenos_shadow_blocks,
          uniq_prince_ribbit1, uniq_grinder, uniq_sigmund
D:7:      uniq_crazy_yiuf_cottage, uniq_pikel
D:8:      grunt_decor_mini_mirrors
D:9:      david_lair_generic, enter_bailey_8, grunt_pizzeria
Temple:   grunt_circular_temple_18

Skill      XL: |  1  2  3  4  5  6  7  8  9 |
---------------+----------------------------+-----
Dodging        | 3 4 5 |  5.7
Axes           | 3 |  3.3
Armour         | 1 2 3 4 5 |  5.7
Polearms       | 1 2 3 4 5 |  5.3
Fighting       | 3 4 5 6 |  6.0
Invocations    | 1 3 5 6 |  6.5
Throwing       | 2 |  2.0
Evocations     | |  0.4

Action                   |  1- 3 |  4- 6 |  7- 9 || total
-------------------------+-------+-------+-------++-------
Melee: War axe           |   144 |       |       ||   144
       Trident           |       |   143 |   219 ||   362
       Halberd           |       |       |    27 ||    27
       Scythe            |       |       |   134 ||   134
Throw: Javelin           |       |       |     3 ||     3
Invok: Minor Destruction |       |       |     3 ||     3
Evoke: Wand              |       |       |     6 ||     6
  Use: Scroll            |     3 |     9 |     8 ||    20
       Potion            |     1 |     2 |     9 ||    12
  Eat: Chunk             |     4 |     7 |     8 ||    19
       Fruit             |       |       |     3 ||     3
       Pizza             |       |       |     3 ||     3
       Meat ration       |       |       |     2 ||     2
       Beef jerky        |       |       |     2 ||     2
